 Dungeon Crawl Stone Soup version 0.24-a0-307-gf989941d98 (webtiles) character file.

Game seed: 15865595828541539234

788 HAL9000 the Vexing (level 7, -6/32 HPs)
             Began as a Vine Stalker Enchanter on May 12, 2019.
             Was an Initiate of Dithmenos.
             Killed from afar by an orc wizard (8 damage)
             ... with a magic dart
             ... on level 5 of the Dungeon.
             The game lasted 00:07:49 (4038 turns).

HAL9000 the Vexing (Vine Stalker Enchanter)         Turns: 4038, Time: 00:07:49

Health: -6/32      AC:  2    Str: 10    XL:     7   Next: 87%
Magic:  0/11       EV: 12    Int: 17    God:    Dithmenos [......]
Gold:   208        SH:  0    Dex: 15    Spells: 1/10 levels left

rFire    . . .     SeeInvis .   a - +1 dagger
rCold    . . .     Gourm    .   (no shield)
rNeg     . . .     Faith    +   b - +0 robe
rPois    .         Spirit   +   (no helmet)
rElec    .         Reflect  .   x - scarf {repulsion}
rCorr    .         Harm     .   (no gloves)
MR       .....                  (no boots)
Stlth    ++........             i - amulet of faith (curse)
HPRegen  0.50/turn              (no ring)
MPRegen  0.12/turn              (no ring)

@: very slightly contaminated, repel missiles
A: fangs 2, regeneration 1, magic shield, antimagic bite, no potion heal 3, rot
immunity
a: Renounce Religion


You were on level 5 of the Dungeon.
You worshipped Dithmenos.
Dithmenos was noncommittal.
You were near starving.

You visited 1 branch of the dungeon, and saw 5 of its levels.

You collected 208 gold pieces.

Inventory:

Hand Weapons
 a - a +1 dagger (weapon)
 n - a +2 short sword of electrocution
Missiles
 k - 15 poisoned darts (quivered)
 q - 7 javelins
 w - 2 throwing nets
Armour
 b - a +0 robe (worn)
 x - a scarf of repulsion (worn)
Jewellery
 i - a cursed amulet of faith (around neck)
Scrolls
 c - 3 scrolls of amnesia {unknown}
 g - a scroll of blinking
 j - a scroll of immolation {unknown}
 l - 2 scrolls of remove curse {unknown}
 o - a scroll of fear {unknown}
 t - a scroll of enchant weapon {unknown}
 u - 3 scrolls of identify {unknown}
Potions
 e - 4 potions of curing {unknown}
 h - a potion of agility {unknown}
 m - 2 potions of haste {unknown}
 p - a potion of brilliance {unknown}
 r - a potion of might {unknown}
 s - a potion of heal wounds {unknown}
 z - a potion of invisibility {unknown}
Comestibles
 d - 7 rations


   Skills:
 + Level 5.1 Short Blades
 - Level 1.5 Dodging
 - Level 3.6 Stealth
 - Level 2.1 Spellcasting
 + Level 7.0 Hexes


You had one spell level left.
You knew the following spells:

 Your Spells              Type           Power        Failure   Level  Hunger
a - Corona                Hex            ####...      1%          1    #......
b - Ensorcelled Hibernat  Hex/Ice        ##....       7%          2    ###....
c - Confuse               Hex            ####....     3%          3    ###....
d - Tukima's Dance        Hex            ####....     3%          3    ###....

Your spell library contained the following spells:

 Spells                   Type           Power        Failure   Level  Hunger
 Dazzling Spray           Conj/Hex       ##....       13%         3    ###....


Dungeon Overview and Level Annotations

Branches:
Dungeon (5/15)
 Temple: D:4-7

Altars:
Dithmenos


Innate Abilities, Weirdness & Mutations

You have extremely sharp teeth.
Your natural rate of healing is unusually fast.
When hurt, damage is shared between your health and your magic reserves.
Your bite disrupts and absorbs the magic of your enemies.
Potions cannot restore your health.
You are immune to rotting.


Message History

The orc wizard casts a spell.
The orc wizard blinks!
The orc wizard points at you and mumbles some strange words.
You easily resist.
The orc wizard points at you and mumbles some strange words.
The magic dart hits you.
* * * LOW HITPOINT WARNING * * *
You barely miss the orc wizard. The orc wizard barely misses you.
Okay, then.
Blink to where?
Press: ? - help, Dir - move target cursor You are very lightly contaminated with residual magic.
As you read the scroll of blinking, it crumbles to dust.
The orc wizard gestures at you while chanting.
The magic dart hits you!
* * * LOW HITPOINT WARNING * * *
The orc wizard is no longer moving quickly.
The orc wizard gestures at you while chanting.
The magic dart hits you!
You die...

#..(..###...o.# #.##..###..##o#
#.###..#..###.# #.[##.....##..###
#. ...รท............# #.#
.##.........##..# #.#
####..._...####.## #.#
.##.........##...# #.# ####
................@# #.#####<..
#..##.....##...#.#######.#.......
#.###..#..###..#...........####..
#.##..###..##..#.......)...# #..
#.....###......#...........# #.^
####!..#.......#...........# ###
#...........#...........# #
#.....................#.# #
#######################.#


You could see an orc wizard.

Vanquished Creatures
  2 ogres
  2 scorpions
  3 hounds
  3 orc priests (D:5)
  2 orc wizards (D:5)
  7 worker ants
  4 adders
  An ooze (D:3)
  4 worms
  2 dart slugs
  5 leopard geckos
  5 orcs
  2 ball pythons
  5 giant cockroaches
  8 goblins
  9 hobgoblins
  3 quokkas
  4 bats
  9 frilled lizards
  8 kobolds
  A leopard gecko zombie (D:5)
  12 rats
101 creatures vanquished.

Notes
Turn   | Place    | Note
-------+----------+-------------------------------------------
     0 | D:1      | HAL9000 the Vine Stalker Enchanter began the quest for the
                  | Orb.
     0 | D:1      | Reached XP level 1. HP: 9/9 MP: 4/4
   106 | D:1      | Reached XP level 2. HP: 13/13 MP: 6/6
   354 | D:1      | Reached skill level 1 in Short Blades
   839 | D:1      | Learned a level 2 spell: Ensorcelled Hibernation
   861 | D:1      | Reached skill level 4 in Hexes
   861 | D:1      | Reached XP level 3. HP: 16/16 MP: 2/7
  1712 | D:2      | Gained mutation: Your natural rate of healing is unusually
                  | fast. [Vine Stalker growth]
  1712 | D:2      | Reached XP level 4. HP: 16/21 MP: 6/8
  1849 | D:2      | Learned a level 3 spell: Confuse
  2551 | D:4      | Reached XP level 5. HP: 17/24 MP: 7/9
  2776 | D:4      | Reached skill level 5 in Hexes
  2842 | D:3      | Reached XP level 6. HP: 25/28 MP: 0/10
  3018 | D:4      | Learned a level 3 spell: Tukima's Dance
  3158 | D:3      | Reached skill level 6 in Hexes
  3268 | D:4      | Reached XP level 7. HP: 28/32 MP: 3/11
  3509 | D:5      | Entered Level 5 of the Dungeon
  3747 | D:5      | Found a shadowy altar of Dithmenos.
  3947 | D:5      | Became a worshipper of Dithmenos the Shadowed
  3993 | D:5      | Reached skill level 5 in Short Blades
  4016 | D:5      | Reached skill level 7 in Hexes
  4035 | D:5      | HP: 1/32 [orc wizard/magic dart (7)]
  4038 | D:5      | Killed from afar by an orc wizard

Levels and vault maps discovered:
D:1:      dpeg_arrival_stone_temple_mockup, layout_basic, minmay_door_square,
          roderic_serpentine_path
D:2:      layout_loops_cross, first_ration
D:3:      layout_loops_ring
D:4:      layout_cave_pools, minmay_bent
D:5:      layout_basic, nicolae_dithmenos_shadow_blocks

Skill      XL: |  1  2  3  4  5  6  7 |
---------------+----------------------+-----
Short Blades   | 1 2 3 4 5 |  5.1
Hexes          | 4 5 6 7 |  7.0
Dodging        | |  1.5
Stealth        | |  3.6
Spellcasting   | |  2.1

Action                   |  1- 3 |  4- 6 |  7- 9 || total
-------------------------+-------+-------+-------++-------
Melee: Dagger            |   106 |       |    50 ||   156
       Bite              |    20 |    10 |    15 ||    45
       Short sword       |     2 |    84 |    15 ||   101
Throw: Dart              |     9 |       |       ||     9
 Cast: Ensorcelled Hiber |    13 |       |       ||    13
       Corona            |     3 |       |       ||     3
       Confuse           |       |    15 |    15 ||    30
  Use: Scroll            |       |       |     4 ||     4
 Stab: Sleeping          |    15 |     9 |     2 ||    26
       Confused          |       |     7 |     6 ||    13
  Eat: Chunk             |     3 |     7 |     3 ||    13
Armor: Robe              |    23 |    16 |     6 ||    45
Dodge: Dodged            |    56 |    42 |    29 ||   127

Table legend:
 A = Non-vault XP
 B = Vault XP
 C = Vault XP percentage of total XP
 D = Non-vault monster count
 E = Vault monster count
 F = Vault count percentage of total count
                 A         B        C        D         E       F
            +---------+---------+-------+---------+---------+-------
      Total |    1082 |      45 |   4.0 |      97 |       4 |   4.0
            +---------+---------+-------+---------+---------+-------
        D:1 |      46 |       0 |   0.0 |      29 |       0 |   0.0
        D:2 |      65 |       0 |   0.0 |      27 |       0 |   0.0
        D:3 |     162 |       0 |   0.0 |      15 |       0 |   0.0
        D:4 |     328 |      45 |  12.1 |      11 |       4 |  26.7
        D:5 |     481 |       0 |   0.0 |      15 |       0 |   0.0
            +---------+---------+-------+---------+---------+-------
